Map: King's Cove LE

Players

wolfelement - Winner!

  • Race: Protoss Protoss
  • Spawn Location: 5:00

iPlayDefense

  • Race: Protoss Protoss
  • League: Silver
  • Spawn Location: 11:00

VOD

Have the link to the VOD?

Description

Time

  • Played on: April 14, 2025, 1:35 p.m.
  • Length: 6:45
Show
View Real Time Build Order
Export as new Build Order

wolfelement Protoss - Winner!

Build Orders:  

Get SALT Encoding   

  12  0:12  Pylon  
  12  0:14  Probe  
  13  0:23  Assimilator  
  13  0:36  Gateway  
  13  0:46  Probe  
  14  0:54  Probe  
  14  1:03  Probe  
  16  1:15  Probe  
  16  1:17  Assimilator  
  17  1:25  Cybernetics Core  
  17  1:27  Probe  
  18  1:39  Probe  
  19  1:52  Probe  
  19  1:59  Warp Gate  
  19  2:07  Nexus  
  19  2:10  Probe  
  19  2:12  Stalker  
  22  2:33  Robotics Facility  
  22  2:36  Probe  
  23  2:57  Pylon  
  23  3:15  Probe, Pylon  
  23  3:18  Pylon  
  24  3:22  Observer  
  25  3:27  Probe  
  25  3:31  Probe  
  26  3:39  Observer, Probe  
  29  3:49  Gateway, Probe  
  30  3:59  Stalker  
  30  4:01  Probe  
  33  4:04  Observer  
  34  4:13  Probe  
  35  4:22  Warp Prism  
  37  4:29  Forge  
  37  4:57  Stalker x2  
  41  5:00  Assimilator  
  41  5:03  Assimilator  
  41  5:12  Forge  
  41  5:20  Gateway  
  41  5:21  Gateway  
  41  5:29  Zealot  
  41  5:30  Zealot  
  45  5:36  Shield Battery  
  45  5:39  Observer  
  45  5:50  Stalker  
  45  5:51  Stalker  
  49  6:07  Twilight Council  
  49  6:16  Zealot x3  
Show
View Real Time Build Order
Export as new Build Order

iPlayDefense Protoss 

Build Orders:  

Get SALT Encoding   

  1  0:00  Probe  
  12  0:06  Probe  
  14  0:16  Probe  
  15  0:25  Pylon  
  15  0:31  Assimilator  
  15  0:43  Probe  
  16  0:55  Gateway, Probe  
  17  1:01  Pylon  
  17  1:06  Probe  
  18  1:15  Probe  
  18  1:23  Probe  
  18  1:25  Forge  
  20  1:52  Zealot  
  22  2:19  Zealot  
  24  2:25  Nexus  
  24  2:30  Assimilator  
  24  2:32  Pylon  
  24  2:39  Pylon  
  24  2:42  Probe  
  24  2:50  Probe  
  26  3:00  Probe  
  26  3:02  Photon Cannon  
  27  3:11  Zealot  
  27  3:12  Probe  
  30  3:17  Pylon  
  30  3:24  Probe  
  31  3:29  Photon Cannon  
  31  3:37  Probe  
  31  3:38  Zealot  
  31  3:40  Probe  
  35  3:45  Probe  
  35  3:49  Photon Cannon  
  35  3:52  Probe  
  37  4:06  Pylon  
  37  4:08  Pylon  
  37  4:25  Probe  
  37  4:26  Probe  
  39  4:37  Cybernetics Core, Probe  
  39  4:38  Probe  
  41  4:40  Gateway  
  41  4:50  Probe x2  
  41  4:51  Photon Cannon  
  43  5:02  Probe x2  
  45  5:08  Photon Cannon  
  45  5:09  Photon Cannon  
  45  5:12  Photon Cannon  
  45  5:14  Probe x2  
  47  5:22  Stargate  
  47  5:23  Stargate  
  47  5:40  Nexus  
  47  5:42  Assimilator  
  47  5:44  Assimilator  
  47  5:46  Pylon  
  47  5:51  Sentry x2  
  51  6:04  Assimilator  
  51  6:12  Assimilator  
  51  6:14  Sentry x2  
  51  6:17  Photon Cannon  
  55  6:19  Photon Cannon  
  55  6:31  Photon Cannon  
  53  6:33  Photon Cannon  
  53  6:36  Photon Cannon  
Tags
 
League
Silver
Matchup
PvP
Replay Pack
DaveSC2
Spawn Locations
Cross Positions
Add a new tag
Caveats
  • Supply blocks, unpowered buildings, or Contaminate may cause inaccurate times.
  • Supply counts are checked every 10 seconds.